 Dungeon Crawl Stone Soup version 0.19.5 (webtiles) character file.

1073 McKennaii the Magician (level 8, -14/42 HPs)
             Began as a Deep Elf Fire Elementalist on May 12, 2017.
             Was an Initiate of Vehumet.
             Shot with an arrow by a centaur (16 damage)
             ... on level 6 of the Dungeon.
             The game lasted 00:17:33 (5787 turns).

McKennaii the Magician (Deep Elf Fire Elementalist) Turns: 5787, Time: 00:17:34

Health: -14/42     AC:  3    Str:  5    XL:     8   Next: 7%
Magic:  11/21      EV: 14    Int: 25    God:    Vehumet [......]
Gold:   348        SH:  0    Dex: 15    Spells: 4 memorised, 11 levels left

rFire  . . .     SeeInvis .     (no weapon)
rCold  . . .     Gourm    .     a - +0 robe
rNeg   . . .     Faith    .     (no shield)
rPois  .         Spirit   .     (no helmet)
rElec  .         Reflect  .     (no cloak)
rCorr  .         Harm     .     y - +0 pair of gloves
MR     .....                    (no boots)
Stlth  ++........               (no amulet)
                                (no ring)
                                x - +2 ring of intelligence

@: no status effects
A: no striking features
a: Renounce Religion


You were on level 6 of the Dungeon.
You worshipped Vehumet.
Vehumet was noncommittal.
You were hungry.

You visited 2 branches of the dungeon, and saw 7 of its levels.
You also visited: Sewer.

You collected 348 gold pieces.

Inventory:

Armour
 a - a +0 robe (worn)
 y - a +0 pair of gloves (worn)
Jewellery
 x - a +2 ring of intelligence (left hand)
Wands
 j - a wand of hasting (7/9)
Scrolls
 e - 5 scrolls of identify
 f - 4 scrolls of remove curse
 i - 4 scrolls of teleportation
 k - 3 scrolls of fear {unknown}
 l - 4 scrolls of amnesia {unknown}
 m - a scroll of immolation {unknown}
 n - a scroll of random uselessness {unknown}
 t - a scroll of blinking {unknown}
 v - a scroll of enchant weapon {unknown}
 w - a scroll of magic mapping {unknown}
 A - 3 scrolls of enchant armour {unknown}
 B - a scroll of fog {unknown}
Potions
 d - a potion of curing
 h - 2 potions of degeneration {unknown}
 o - a potion of cancellation {unknown}
 p - 2 potions of heal wounds {unknown}
 q - 2 potions of might {unknown}
 r - 3 potions of magic {unknown}
 s - 3 potions of haste {unknown}
 z - a potion of flight {unknown}
 C - a potion of lignification {unknown}
Books
 b - a book of Flames

   Spells                             Type                      Level
   a - Flame Tongue                   Conjuration/Fire             1
   b - Throw Flame                    Conjuration/Fire             2
   c - Conjure Flame                  Conjuration/Fire             3
   d - Inner Flame                    Hexes/Fire                   3
   e - Sticky Flame                   Conjuration/Fire             4
   f - Fireball                       Conjuration/Fire             5
Comestibles
 c - 5 bread rations
 g - 3 fruits
 u - a meat ration


   Skills:
 + Level 0.8 Fighting
 + Level 3.5 Dodging
 + Level 3.4 Stealth
 + Level 7.6 Spellcasting
 + Level 5.0 Conjurations
 + Level 6.6 Fire Magic


You had 11 spell levels left.
You knew the following spells:

 Your Spells              Type           Power        Failure   Level  Hunger
a - Flame Tongue          Conj/Fire      #####        1%          1    None
b - Throw Flame           Conj/Fire      #####.       1%          2    None
c - Conjure Flame         Conj/Fire      #####...     1%          3    None
f - Fireball              Conj/Fire      #####.....   17%         5    #####..


Dungeon Overview and Level Annotations

Branches:
Dungeon (6/15)             Temple (1/1) D:5

Altars:
Ashenzari
Cheibriados
Dithmenos
Elyvilon
Fedhas
Gozag
Hepliaklqana
Kikubaaqudgha
Makhleb
Nemelex Xobeh
Okawaru
Qazlal
Ru
Sif Muna
Trog
Uskayaw
Vehumet
Xom
Yredelemnul
Zin
The Shining One

Annotations:
D:3 rogel's ghost, amateur HOFi


Message History

The centaur shoots an arrow.
The arrow hits you!
* * * LOW HITPOINT WARNING * * *
Casting: Throw Flame
Confirm with . or Enter, or press ? or * to list all spells.
Aiming: Throw Flame
Press: ? - help, Shift-Dir - straight line, f/p - centaur
Aim: a centaur, wielding a shortbow (heavily wounded)
The puff of flame misses the centaur.
The centaur shoots an arrow.
The arrow hits you!
* * * LOW HITPOINT WARNING * * *
Casting: Throw Flame
Confirm with . or Enter, or press ? or * to list all spells.
Aiming: Throw Flame
Press: ? - help, Shift-Dir - straight line, f/p - centaur
Aim: a centaur, wielding a shortbow (heavily wounded)
The puff of flame hits the centaur.
The centaur is severely wounded.
The centaur shoots an arrow.
The arrow closely misses you.
The centaur shoots an arrow.
The arrow hits you!
You die...

.......#.# ####.#.#.# #
##...## ##.## #.# #.#
#### # #.# ... ##
###.### ##.##.##
.###....<#######@.....#
.'...###...............c
.###.# #.#######..#...##
## #.###.##### #..# ..#
# #.........# #!..# .#
#.##.####.# #..## #
#.##..# #.# #... #.###.#
#.# ##.## #.# #.# #.# ..


You could see a centaur.

Vanquished Creatures
  The ghost of rogel the Slasher, a novice MiFi of Yredelemnul (D:6)
  A phantom (D:4)
  An ogre (D:4)
  A wyvern zombie (D:5)
  2 centaur zombies (D:5)
  2 hounds
  2 orc wizards
  5 worker ants
  7 adders
  3 oozes
  An adder skeleton (D:5)
  A worm (D:2)
  2 dart slugs
  6 leopard geckos
  21 orcs
  3 giant cockroaches (D:3)
  12 goblins
  10 hobgoblins
  11 jackals
  11 kobolds
  4 quokkas
  8 ball pythons (Sewer)
  4 bats
  6 frilled lizards
  A giant cockroach zombie (D:5)
  A quokka skeleton (D:4)
  11 rats
138 creatures vanquished.

Vanquished Creatures (others)
  A frilled lizard (D:5)
1 creature vanquished.

Grand Total: 139 creatures vanquished

Notes
Turn   | Place    | Note
-------+----------+-------------------------------------------
     0 | D:1      | McKennaii the Deep Elf Fire Elementalist began the quest for the Orb.
     0 | D:1      | Reached XP level 1. HP: 10/10 MP: 6/6
   208 | D:1      | Reached XP level 2. HP: 15/15 MP: 6/8
   635 | D:2      | Reached XP level 3. HP: 19/19 MP: 5/9
   639 | D:2      | Learned a level 2 spell: Throw Flame
   643 | D:2      | Learned a level 3 spell: Conjure Flame
  1129 | D:2      | Reached skill level 4 in Spellcasting
  1165 | D:2      | Reached XP level 4. HP: 21/24 MP: 6/12
  1229 | D:2      | Found a faded altar of an unknown god.
  1647 | D:3      | Noticed rogel's ghost (amateur HOFi)
  1869 | D:3      | Found a glowing drain.
  1873 | Sewer    | Entered a sewer
  2380 | Sewer    | Reached XP level 5. HP: 28/28 MP: 11/13
  2387 | Sewer    | Learned a level 5 spell: Fireball
  3666 | D:4      | Reached skill level 5 in Spellcasting
  3822 | D:4      | Reached XP level 6. HP: 32/33 MP: 6/16
  3965 | D:4      | Reached skill level 5 in Fire Magic
  4412 | D:4      | You fall through a shaft!
  4412 | D:5      | Entered Level 5 of the Dungeon
  4420 | D:5      | Found a staircase to the Ecumenical Temple.
  4429 | Temple   | Entered the Ecumenical Temple
  4608 | Temple   | Became a worshipper of Vehumet
  4741 | D:5      | Reached skill level 6 in Spellcasting
  4768 | D:5      | Reached XP level 7. HP: 30/37 MP: 11/18
  5577 | D:6      | Noticed rogel's ghost (novice MiFi)
  5588 | D:6      | Killed rogel's ghost
  5588 | D:6      | Reached skill level 7 in Spellcasting
  5588 | D:6      | Reached skill level 5 in Conjurations
  5588 | D:6      | Reached XP level 8. HP: 19/42 MP: 7/21
  5786 | D:6      | HP: 2/42 [centaur/arrow (9)]
  5787 | D:6      | Shot with an arrow by a centaur

Skill      XL: |  1  2  3  4  5  6  7 |
---------------+----------------------+-----
Conjurations   | 2 3 4 5 |  5.0
Fire Magic     | 4 5 6 |  6.6
Spellcasting   | 4 5 6 7 |  7.6
Stealth        | 3 |  3.4
Dodging        | 3 |  3.5
Fighting       | |  0.8

Action                   |  1- 3 |  4- 6 |  7- 9 || total
-------------------------+-------+-------+-------++-------
Melee: Unarmed           |     1 |     4 |     2 ||     7
 Cast: Flame Tongue      |    71 |   150 |    52 ||   273
       Throw Flame       |     4 |    33 |    19 ||    56
       Conjure Flame     |       |     4 |     1 ||     5
  Use: Scroll            |       |     3 |       ||     3
       Potion            |       |     1 |       ||     1
 Stab: Sleeping          |     1 |       |       ||     1
  Eat: Chunk             |     1 |     6 |     3 ||    10
       Meat ration       |       |     1 |       ||     1
Armor: Robe              |     4 |     7 |     3 ||    14
Dodge: Dodged            |    14 |    45 |    19 ||    78
